 Dungeon Crawl Stone Soup version 0.20.0-10-g0535bb4 (webtiles) character file.

358 Gitz the Shield-Bearer (level 6, -3/61 HPs)
             Began as a Troll Fighter on June 3, 2017.
             Slain by a gnoll
             ... wielding a +0 spear
              (5 damage)
             ... on level 3 of the Dungeon.
             The game lasted 00:04:16 (1776 turns).

Gitz the Shield-Bearer (Troll Fighter)              Turns: 1776, Time: 00:04:16

Health: -3/61      AC:  5    Str: 27    XL:     6   Next: 37%
Magic:  5/5        EV:  9    Int:  4    God:
Gold:   157        SH:  9    Dex:  9    Spells: 5/5 levels left

rFire    . . .     SeeInvis .   a - +0 flail
rCold    . . .     Gourm    +   c - +0 shield
rNeg     . . .     Faith    .   b - +0 robe
rPois    .         Spirit   .   (helmet restricted)
rElec    .         Reflect  .   (no cloak)
rCorr    .         Harm     .   (gloves unavailable)
MR       .....                  (boots unavailable)
Stlth    +.........             (no amulet)
Regen    0.6/turn               (no ring)
MPRegen  0.1/turn               (no ring)

@: no status effects
A: unfitting armour, claws 3, fast metabolism 3, gourmand, regeneration 1,
shaggy fur 1, tough skin 2
a: no special abilities


You were on level 3 of the Dungeon.
You were full.

You visited 1 branch of the dungeon, and saw 3 of its levels.

You collected 157 gold pieces.

Inventory:

Hand Weapons
 a - a +0 flail (weapon)
Armour
 b - a +0 robe (worn)
 c - a +0 shield (worn)
Wands
 p - a wand of digging (11/24)
Scrolls
 e - 4 scrolls of identify {unknown}
 g - a scroll of immolation {unknown}
 h - a scroll of amnesia {unknown}
 i - a scroll of blinking {unknown}
 m - a scroll of enchant armour {unknown}
 n - 2 scrolls of magic mapping {unknown}
 q - a scroll of enchant weapon {unknown}
Potions
 j - a potion of haste {unknown}
 l - a potion of heal wounds {unknown}
 o - a potion of degeneration {unknown}
Comestibles
 f - 4 bread rations
 k - 2 fruits


   Skills:
 + Level 3.2 Fighting
 + Level 3.6 Maces & Flails
 + Level 3.6 Dodging
 + Level 3.7 Shields


You had 5 spell levels left.
You didn't know any spells.

Dungeon Overview and Level Annotations

Branches:
Dungeon (3/15)

Altars:
Gozag


Innate Abilities, Weirdness & Mutations

You are too large for most types of armour.
You have claws for hands.
Your metabolism is lightning-fast.
You like to eat raw meat.
Your natural rate of healing is unusually fast.
You are covered in fur. (AC +1)
You have very tough skin. (AC +2)


Message History

You struggle against the net.
The gnoll hits you from afar with a spear.
The gnoll hits you from afar with a spear of piercing.
* * * LOW HITPOINT WARNING * * *
x2 The gnoll hits you but does no damage.
Unknown command.
You rip the net and break free!
The gnoll barely misses you.
The gnoll hits you from afar with a spear.
* * * LOW HITPOINT WARNING * * *
You block the gnoll's attack. x2
You hit the gnoll.
The gnoll is lightly wounded.
The gnoll hits you with a whip.
* * * LOW HITPOINT WARNING * * *
The gnoll hits you from afar with a spear.
* * * LOW HITPOINT WARNING * * *
You block the gnoll's attack. The gnoll hits you.
* * * LOW HITPOINT WARNING * * *
The gnoll hits you from afar with a spear.
You die...

...............# ..
...............# .... #....#
...............+ ... #....#
..............# ... #....#
..............# ..# #.....
..............# #.# #.#...
............gs# #.# ......
............gg######.# ###..#
.............g@......# #.....
............รท.######.## #.#..#
..............###.....####.#..#
........................##.#...
........................##.#.##
......?.................##.#.##
.................###...##.#.##
................# #...##.#.##
.......<...###.# #.#.##.....


You could see 4 gnolls and a giant cockroach.

Vanquished Creatures
  The ghost of Edgeworth the Shield-Bearer, an amateur DDFi of Makhleb (D:3)
  4 adders
  4 oozes
  3 worms (D:2)
  3 dart slugs
  3 leopard geckos
  9 bats
  5 giant cockroaches
  11 goblins
  4 hobgoblins
  A quokka (D:2)
  A ball python (D:3)
  3 frilled lizards
  9 kobolds
  5 rats
66 creatures vanquished.

Notes
Turn   | Place    | Note
-------+----------+-------------------------------------------
     0 | D:1      | Gitz the Troll Fighter began the quest for the Orb.
     0 | D:1      | Reached XP level 1. HP: 22/22 MP: 0/0
    45 | D:1      | Reached XP level 2. HP: 24/29 MP: 1/1
   198 | D:1      | Reached XP level 3. HP: 33/36 MP: 2/2
   890 | D:2      | Reached XP level 4. HP: 44/44 MP: 3/3
  1593 | D:3      | Found an opulent altar of Gozag.
  1637 | D:3      | Noticed Edgeworth's ghost (amateur DDFi)
  1646 | D:3      | HP: 1/44 [Edgeworth's ghost (3)]
  1649 | D:3      | Killed Edgeworth's ghost
  1649 | D:3      | Reached XP level 5. HP: 2/53 MP: 4/4
  1649 | D:3      | Reached XP level 6. HP: 2/61 MP: 5/5
  1653 | D:3      | HP: 3/61 [bat (1)]
  1776 | D:3      | HP: 2/61 [gnoll (4)]
  1776 | D:3      | Slain by a gnoll

Skill      XL: |  1  2  3  4 |
---------------+-------------+-----
Maces & Flails | 2 3 |  3.6
Dodging        | 3 |  3.6
Shields        | 3 |  3.7
Fighting       | 3 |  3.2

Action                   |  1- 3 |  4- 6 || total
-------------------------+-------+-------++-------
Melee: Flail             |   144 |   148 ||   292
  Use: Potion            |       |     1 ||     1
  Eat: Chunk             |    10 |    10 ||    20
Armor: Robe              |    48 |    63 ||   111
Dodge: Dodged            |    62 |    73 ||   135
Block: Shield            |    84 |   103 ||   187
